Map: Lightshade LE

Players

HeroMarine

  • Race: Terran Terran
  • Spawn Location: 11:00

Stats - Winner!

  • Race: Protoss Protoss
  • Spawn Location: 5:00

Event: TSL 6

VOD

Have the link to the VOD?

Description

Time

  • Played on: Dec. 13, 2020, 12:54 p.m.
  • Length: 14:14

All games in this series

Show
View Real Time Build Order
Export as new Build Order

HeroMarine Terran 

Build Orders:  

Get SALT Encoding   

  12  0:00  SCV  
  13  0:12  SCV  
  14  0:17  Supply Depot  
  14  0:24  SCV  
  15  0:39  SCV  
  15  0:40  Barracks  
  16  0:43  Refinery  
  16  0:51  SCV  
  17  1:03  SCV  
  18  1:15  SCV  
  19  1:27  Orbital Command, Marine  
  20  1:47  Command Center  
  20  1:54  SCV  
  20  1:59  Factory  
  21  2:05  Barracks Reactor  
  21  2:06  SCV  
  22  2:11  Supply Depot  
  22  2:18  SCV  
  23  2:27  Bunker  
  23  2:32  SCV  
  24  2:44  SCV  
  24  2:50  Hellion x2  
  29  2:53  Barracks Tech Lab  
  29  2:57  SCV  
  29  3:00  Orbital Command  
  29  3:09  SCV  
  30  3:21  Command Center, SCV  
  30  3:23  Marine x2  
  30  3:26  SCV  
  34  3:32  Cyclone  
  37  3:34  SCV  
  37  3:39  SCV  
  39  3:41  Marine x2  
  39  3:45  Barracks  
  39  3:48  Supply Depot  
  41  3:51  SCV x2  
  43  3:59  Marine  
  44  4:02  Marine  
  44  4:03  SCV  
  44  4:08  Barracks  
  44  4:09  Siege Tank, SCV  
  50  4:15  SCV  
  50  4:17  Marine  
  51  4:20  Refinery, Marine  
  51  4:21  SCV  
  54  4:24  Engineering Bay  
  54  4:32  SCV  
  54  4:34  Orbital Command, SCV, Marine  
  54  4:38  Marine  
  57  4:42  Refinery  
  57  4:45  SCV  
  59  4:46  SCV  
  59  4:48  Stimpack  
  59  4:49  Factory Tech Lab  
  59  4:50  Marine  
  59  4:52  Marine  
  61  4:54  Terran Infantry Weapons Level 1, Refinery  
  61  4:56  Marine  
  61  4:57  SCV  
  61  4:59  Supply Depot, SCV  
  65  5:01  SCV  
  66  5:09  SCV  
  66  5:10  Marine  
  69  5:14  Supply Depot  
  69  5:19  Factory Reactor  
  69  5:20  Orbital Command, Starport, SCV, Marine  
  70  5:22  Marauder x2  
  70  5:25  SCV  
  75  5:32  Combat Shield, SCV  
  76  5:37  Barracks x2  
  76  5:38  SCV  
  76  5:41  Supply Depot  
  76  5:42  Marine x2  
  79  5:44  SCV  
  79  5:46  SCV  
  81  5:50  SCV  
  81  5:52  Marauder x2  
  81  5:56  SCV  
  83  5:58  SCV  
  83  5:59  Supply Depot  
  83  6:02  SCV, Marine  
  83  6:03  Marine  
  87  6:07  Medivac x2  
  87  6:08  SCV  
  87  6:09  Factory Reactor  
  92  6:15  Supply Depot  
  92  6:16  Supply Depot  
  92  6:18  SCV  
  93  6:21  Marauder x2, SCV x2, Marine  
  98  6:28  Barracks Reactor, Barracks Tech Lab  
  98  6:29  Marine  
  98  6:30  SCV  
  98  6:33  SCV x2  
  98  6:36  Supply Depot  
  98  6:39  Marine  
  101  6:43  Medivac x2, Marauder x2  
  101  6:45  SCV x2  
  115  6:47  Widow Mine x2  
  115  6:48  Terran Infantry Armor Level 1  
  115  6:49  Supply Depot, SCV  
  115  6:50  Supply Depot, Marine  
  117  6:56  Supply Depot  
  117  6:57  Marauder  
  117  6:58  Supply Depot  
  117  6:59  Supply Depot  
  119  7:01  Marine  
  119  7:04  Marauder x2  
  124  7:13  Marine x2  
  124  7:15  Widow Mine x2  
  130  7:16  Medivac  
  130  7:19  Marauder  
  63  7:22  Medivac  
  134  7:25  Marauder  
  134  7:26  SCV  
  134  7:27  Refinery, SCV x2  
  134  7:28  Refinery  
  134  7:29  Marauder, Marine x2  
  145  7:32  Marine  
  146  7:38  SCV  
  146  7:39  SCV  
  146  7:40  Marauder  
  149  7:47  Marauder  
  149  7:48  SCV  
  149  7:50  Marauder, Marine x3  
  149  7:51  Medivac, Widow Mine x2, SCV x2  
  163  7:57  Supply Depot  
  155  7:58  Supply Depot  
  155  8:04  Marauder  
  156  8:07  Marine x2  
  156  8:08  Marauder  
  156  8:09  Supply Depot  
  156  8:11  Marauder  
  158  8:18  Marine x2  
  151  8:25  Marauder  
  150  8:28  Medivac, Widow Mine x2, Armory  
  150  8:30  Marauder, Marine x2  
  150  8:33  Marauder  
  157  8:36  Marine x2  
  159  8:46  Marauder, Command Center  
  159  8:51  Marauder  
  159  8:52  Marine x2  
  159  8:53  Medivac  
  159  8:54  Marauder, Widow Mine x2, Marine  
  172  8:57  Engineering Bay  
  172  8:58  Medivac  
  172  8:59  Marine  
  175  9:07  Marine  
  175  9:09  Marine  
  175  9:12  Marauder  
  175  9:14  Supply Depot, Marine x2  
  175  9:16  Marauder  
  181  9:18  Ghost Academy  
  181  9:19  Terran Infantry Weapons Level 2  
  181  9:26  Marauder  
  181  9:28  Terran Infantry Armor Level 2  
  181  9:34  Marauder  
  181  9:35  Marine x2  
  181  9:36  Medivac x2, Widow Mine x2  
  181  9:37  Marauder, Marine x2  
  194  9:47  Marauder  
  194  9:55  Marauder  
  194  9:58  Marauder, Widow Mine x2  
  185  10:06  Medivac x2  
  189  10:08  Marauder  
  189  10:09  Barracks  
  189  10:10  Barracks x2  
  189  10:11  Terran Ship Weapons Level 1  
  189  10:12  Marine x2  
  180  10:15  Marine  
  180  10:17  Marauder  
  180  10:19  Widow Mine, SCV x2  
  180  10:20  Marauder, SCV  
  185  10:21  Marine  
  185  10:23  Widow Mine  
  173  10:30  Marauder, Marine  
  173  10:31  SCV  
  168  10:36  Medivac x2  
  168  10:37  SCV  
  168  10:38  Marauder, SCV  
  168  10:40  Widow Mine  
  168  10:41  Planetary Fortress, Marauder  
  180  10:45  Widow Mine  
  182  10:51  Marauder  
  182  10:53  Marine x2  
  182  10:55  Marine x2  
  188  10:59  Marauder  
  188  11:02  Widow Mine  
  188  11:03  Marauder  
  187  11:04  Barracks Reactor  
  187  11:05  Barracks Tech Lab x2  
  187  11:06  Widow Mine  
  187  11:11  Refinery, Marine  
  189  11:12  Medivac x2, Refinery  
  189  11:13  Marauder  
  189  11:14  Starport  
  190  11:23  Widow Mine  
  190  11:26  Marauder, Ghost  
  190  11:27  Ghost x2  
  185  11:34  Marauder  
  185  11:37  Marine  
  175  11:45  Viking  
  175  11:48  Marauder  
  175  11:49  Viking  
  175  11:51  Command Center  
  175  11:53  Command Center  
  179  11:55  Marauder, Ghost  
  179  11:56  Marauder x2  
  179  11:59  Marine  
  179  12:00  Marine x5  
  193  12:04  Enhanced Shockwaves  
  193  12:09  Marauder  
  195  12:17  Marauder x2  
  195  12:18  Marauder  
  105  12:22  Orbital Command  
  186  12:36  Viking  
  186  12:37  Marauder x2, Viking  
  172  12:40  Marauder, Marine x2  
  169  12:47  Viking  
  171  12:55  Marauder  
  171  12:56  Viking  
  171  12:57  Marauder  
  152  13:08  Marauder  
  152  13:10  Marauder, Marine x2  
  121  13:17  Marauder x2, Marine x2  
  92  13:20  Marine  
  92  13:21  Marine  
  92  13:26  Orbital Command  
  86  13:27  Marauder  
  86  13:37  Marauder, Marine  
  79  13:46  SCV x2  
  79  13:47  SCV  
  84  13:48  Marauder  
  84  13:53  SCV  
  85  13:58  SCV x2  
Show
View Real Time Build Order
Export as new Build Order

Stats Protoss - Winner!

Build Orders: 1 Gate Expand, Blink Stalkers 

Get SALT Encoding   

  12  0:00  Probe  
  13  0:12  Probe  
  14  0:17  Pylon  
  14  0:24  Probe (Chrono Boost)  
  15  0:37  Probe (Chrono Boost)  
  15  0:38  Gateway  
  16  0:45  Assimilator, Probe (Chrono Boost)  
  17  0:51  Probe  
  18  1:03  Probe  
  19  1:15  Probe  
  20  1:25  Cybernetics Core  
  20  1:31  Nexus  
  20  1:35  Probe  
  21  1:42  Pylon  
  21  1:48  Assimilator  
  21  1:49  Probe  
  22  1:59  Adept (Chrono Boost)  
  22  2:01  Probe  
  23  2:05  Shield Battery  
  25  2:09  Warp Gate  
  25  2:13  Probe  
  26  2:19  Stalker (Chrono Boost)  
  28  2:25  Probe  
  29  2:35  Twilight Council  
  29  2:43  Probe (Chrono Boost)  
  30  2:44  Probe (Chrono Boost)  
  31  2:53  Probe (Chrono Boost)  
  31  2:55  Probe (Chrono Boost)  
  33  2:58  Probe (Chrono Boost)  
  33  3:04  Probe  
  35  3:07  Robotics Facility  
  35  3:09  Gateway  
  35  3:11  Probe  
  36  3:14  Blink (Chrono Boost)  
  36  3:16  Probe  
  37  3:25  Probe  
  38  3:28  Probe  
  39  3:34  Pylon  
  39  3:38  Probe  
  39  3:40  Probe  
  41  3:43  Pylon  
  41  3:51  Nexus  
  41  3:55  Probe x2  
  41  3:57  Observer  
  41  4:01  Stalker  
  46  4:03  Pylon  
  46  4:07  Probe  
  46  4:08  Probe  
  48  4:10  Stalker  
  48  4:16  Pylon  
  50  4:18  Observer  
  50  4:20  Probe x2  
  53  4:26  Assimilator  
  53  4:28  Assimilator  
  53  4:33  Stalker x2  
  53  4:35  Probe  
  53  4:36  Probe  
  59  4:42  Pylon  
  59  4:44  Pylon, Forge  
  59  4:48  Probe x2 (Chrono Boost)  
  61  4:53  Immortal  
  65  5:00  Probe (Chrono Boost)  
  65  5:06  Probe (Chrono Boost)  
  67  5:10  Probe (Chrono Boost)  
  67  5:11  Probe (Chrono Boost)  
  70  5:15  Protoss Ground Weapons Level 1 (Chrono Boost)  
  70  5:18  Probe (Chrono Boost)  
  70  5:19  Probe (Chrono Boost)  
  70  5:20  Stalker x2, Probe (Chrono Boost)  
  76  5:26  Probe  
  76  5:27  Probe x2  
  79  5:28  Charge  
  79  5:34  Immortal (Chrono Boost)  
  83  5:38  Probe  
  83  5:39  Probe x2  
  83  5:40  Pylon  
  83  5:41  Observer  
  86  5:44  Robotics Bay  
  86  5:53  Probe x3  
  86  5:55  Shield Battery  
  86  5:56  Pylon  
  89  5:57  Gateway  
  89  6:00  Gateway  
  89  6:02  Observer  
  89  6:07  Probe x2  
  89  6:08  Immortal (Chrono Boost), Probe  
  96  6:16  Gateway  
  96  6:18  Pylon, Forge  
  96  6:32  Assimilator  
  96  6:33  Assimilator, Extended Thermal Lance  
  96  6:36  Gateway  
  96  6:37  Gateway, Colossus (Chrono Boost)  
  96  6:39  Gateway  
  102  6:46  Pylon  
  102  6:47  Sentry x2  
  104  6:50  Pylon, Probe  
  104  6:51  Observer, Probe  
  104  6:52  Protoss Ground Armor Level 1  
  108  6:55  Pylon  
  108  6:56  Pylon  
  108  7:06  Nexus  
  107  7:09  Zealot x2  
  107  7:10  Zealot x2  
  115  7:17  Zealot  
  115  7:18  Colossus, Protoss Ground Weapons Level 2 (Chrono Boost)  
  123  7:29  Observer  
  123  7:32  Zealot x5  
  123  7:33  Zealot  
  134  7:43  Probe x3  
  137  7:52  Nexus  
  137  7:55  Pylon  
  137  8:02  Zealot x6  
  138  8:30  Pylon  
  138  8:32  Pylon  
  138  8:34  Pylon  
  138  8:35  Pylon  
  138  8:43  Pylon  
  137  8:49  Colossus (Chrono Boost)  
  143  8:56  Stalker x6  
  143  8:57  Stalker  
  143  8:59  Protoss Ground Armor Level 2 (Chrono Boost)  
  157  9:04  Nexus  
  157  9:05  Pylon  
  157  9:09  Templar Archives  
  155  9:16  Probe  
  155  9:17  Probe x2  
  156  9:24  Stalker x4  
  156  9:25  Colossus (Chrono Boost)  
  156  9:30  Pylon  
  160  9:32  Zealot x2, Pylon  
  160  9:33  Pylon  
  160  9:36  Observer (Chrono Boost)  
  165  9:43  Zealot  
  165  9:44  Zealot  
  165  9:51  Zealot x4, Nexus  
  166  9:59  Protoss Ground Weapons Level 3 (Chrono Boost)  
  152  10:01  Observer  
  152  10:04  Probe x3  
  152  10:05  Assimilator  
  152  10:06  High Templar x2  
  152  10:07  High Templar x2  
  147  10:17  Archon x2  
  147  10:21  Zealot x4  
  127  10:30  Nexus  
  127  10:38  Shield Battery  
  127  10:39  Colossus  
  127  10:42  Sentry x2  
  137  10:46  High Templar x4  
  137  10:47  Zealot x2  
  149  10:50  Archon  
  149  10:51  Archon  
  149  11:08  Zealot x4  
  149  11:11  Gateway  
  156  11:12  Gateway  
  146  11:30  Stalker x6  
  156  11:39  Colossus  
  144  11:41  Probe x3  
  147  11:52  Zealot x2  
  157  11:54  Zealot x5  
  157  12:00  Pylon  
  167  12:05  Zealot  
  169  12:13  Pylon  
  162  12:37  Zealot x8  
  149  12:59  Stalker x4  
  149  13:00  Stalker x3  
  149  13:04  Zealot  
  119  13:19  Observer  
  106  13:30  High Templar x7  
  120  13:37  Archon x3  
  120  13:38  Stalker  
  122  13:51  Assimilator  
  122  13:58  Assimilator  
  122  14:02  Zealot x6  
  132  14:03  Zealot x2  
Tags
 
Add a new tag
Caveats
  • Supply blocks, unpowered buildings, or Contaminate may cause inaccurate times.
  • Supply counts are checked every 10 seconds.